AoeStats
← arthur

Nomad

503116582Analyzed
3v3 RM · 1mo ago on Aug 30, 2026· 77m 27s· 6 players
Game mode
Random Map
Map size
210×210
Population
200
Speed
Normal
Resources
Standard
Victory
Conquest
Starting age
Dark Age
Ending age
Imperial Age
RankedLock teamsTeams togetherTeam positionsShared explorationLock speedFull tech treeHidden civsTurbo modeCheats
Victory
Defeat
🇬🇧 Sicilians · United Kingdom
1762
+4
🇧🇪 Tatars · Belgium
1575
+10
🇵🇱 Vikings · Poland
1541
+11
🇳🇿 Hindustanis · New Zealand
1584
-14
🇩🇪 Maya · Germany
1405
-7
🇫🇷 Bulgarians · France
1301
-4
Bendix
4:56 Loom
13:38 Feudal Age
15:18 Gold Mining
17:26 Scale Mail Armor
20:48 Castle Age
19:12 Forging
19:07 Town Watch
19:57 Fishing Lines
20:29 Double-Bit Axe
21:00 Eagle Warrior
22:42 Chain Mail Armor
23:02 Squires
23:20 Arson
26:23 Iron Casting
28:09 Crossbowman
28:41 Fletching
29:44 Bodkin Arrow
30:41 Padded Archer Armor
30:19 Man-at-Arms
32:01 Thumb Ring
34:21 Leather Archer Armor
36:20 Ballistics
39:17 Gillnets
40:23 Wheelbarrow
45:19 Imperial Age
45:31 Bow Saw
46:03 Bracer
45:34 Arbalester
47:22 Chemistry
52:10 Pikeman
53:21 Hand Cart
54:09 Plate Mail Armor
54:13 Ring Archer Armor
54:49 Plate Mail Armor
53:41 Halberdier
arthur
5:25 Loom
12:55 Feudal Age
18:30 Double-Bit Axe
18:34 Town Watch
24:26 Fletching
25:35 Horse Collar
33:15 Castle Age
31:52 Stone Mining
38:41 Castle Age
36:59 Fishing Lines
37:24 Gold Mining
44:09 Heavy Plow
44:37 Bow Saw
45:39 Wheelbarrow
45:49 Heavy Plow
54:55 Imperial Age
53:59 Hand Cart
54:36 Gold Shaft Mining
58:50 Scale Barding Armor
59:32 Crop Rotation
59:36 Conscription
59:41 Chain Barding Armor
60:35 Stirrups
61:18 Plate Barding Armor
61:06 Forging
61:08 Bloodlines
61:00 Husbandry
62:09 Elite Konnik
63:43 Iron Casting
63:12 Scale Mail Armor
65:01 Blast Furnace
64:18 Chain Mail Armor
63:26 Light Cavalry
65:06 Plate Mail Armor
64:49 Hussar
66:46 Gambesons
67:02 Squires
66:47 Arson
71:09 Stone Shaft Mining
72:59 Bagains
mmmbokchoi
11:36 Loom
13:39 Feudal Age
14:30 Double-Bit Axe
17:21 Castle Age
15:14 Gold Mining
18:15 Medium Warships
18:50 Bow Saw
19:17 Fishing Lines
21:03 Wheelbarrow
20:30 Town Watch
25:02 Fletching
25:44 Stone Mining
26:30 Gold Shaft Mining
26:45 Bodkin Arrow
27:22 Gillnets
30:00 Careening
30:31 Ballistics
30:37 Horse Collar
33:36 Clinker Construction
33:41 Scale Mail Armor
33:51 Forging
38:27 Imperial Age
37:11 Chain Mail Armor
39:11 Iron Casting
39:39 Hand Cart
41:49 Blast Furnace
41:08 Squires
41:43 Bracer
41:32 Elite Ghulam
43:40 Two-Man Saw
43:38 Conscription
45:06 Shatagni
47:24 Chemistry
46:31 Siege Engineers
47:19 Heavy Camel Rider
48:00 Husbandry
48:12 Bloodlines
48:08 Scale Barding Armor
50:01 Chain Barding Armor
49:20 Imperial Camel Rider
51:50 Plate Barding Armor
51:51 Coinage
50:58 Imperial Camel Rider
51:59 Imperial Camel Rider
54:53 Masonry
56:39 Hoardings
57:06 Murder Holes
67:05 Light Cavalry
73:15 Hussar
Ulfaith
9:40 Loom
12:06 Feudal Age
16:11 Town Watch
17:16 Forging
18:00 Fletching
22:03 Arson
23:20 Horse Collar
24:39 Scale Mail Armor
28:34 Castle Age
26:59 Double-Bit Axe
27:46 Gold Mining
29:52 Chain Mail Armor
32:59 Squires
34:18 Wheelbarrow
34:19 Iron Casting
37:06 Hand Cart
41:08 Imperial Age
39:43 Scale Barding Armor
39:49 Bloodlines
39:40 Husbandry
41:03 Chain Barding Armor
41:15 Cavalier
43:14 Plate Barding Armor
45:08 Conscription
45:11 Hauberk
46:51 Blast Furnace
46:48 Gold Shaft Mining
50:17 First Crusade
50:16 Pikeman
51:43 Plate Mail Armor
51:50 Capped Ram
51:53 Halberdier
56:16 Stone Mining
55:57 Elite Serjeant
58:18 Ballistics
57:54 Bodkin Arrow
71:36 Siege Ram
73:44 Bracer
76:00 Light Cavalry
Perlin
5:06 Loom
13:22 Feudal Age
17:08 Castle Age
16:37 Double-Bit Axe
18:37 Fletching
21:06 Town Watch
22:08 Man-at-Arms
23:08 Scale Mail Armor
23:35 Long Swordsman
31:01 Crossbowman
32:26 Bodkin Arrow
35:22 Padded Archer Armor
36:08 Arson
46:53 Bow Saw
48:25 Chain Mail Armor
54:11 Forging
54:48 Horse Collar
57:56 Imperial Age
58:05 Imperial Age
56:27 Squires
58:16 Elite Berserk
59:27 Plate Mail Armor
59:32 Iron Casting
61:13 Bracer
61:54 Chieftains
62:15 Conscription
63:29 Elite Skirmisher
64:25 Leather Archer Armor
63:55 Elite Skirmisher
65:43 Ballistics
66:25 Ring Archer Armor
68:21 Blast Furnace
68:26 Chemistry
69:50 Pikeman
72:07 Arbalester
73:31 Bogsveigar
74:18 Masonry
Bambs
6:20 Loom
12:32 Feudal Age
13:03 Double-Bit Axe
22:33 Castle Age
20:47 Fletching
23:19 Bodkin Arrow
23:40 Medium Warships
25:22 Bow Saw
41:41 Wheelbarrow
54:08 Horse Collar
76:17 Imperial Age
74:25 Wheelbarrow
75:18 Padded Archer Armor
76:31 Ballistics
76:59 Heavy Cavalry Archer
Connection lost

Rejoining the realm…

Still unreachable

The connection could not be restored.

Session expired

The server has moved on; the page needs a fresh start.